TOP OF THE 1ST |
Inland Empire 66ers batting - Pitching for Tampa Tarpons : RHP Wills Montgomerie
|
Pitching: RHP Wills Montgomerie
|
|
Batting: RHB Luis Carpio
|
0-0: Ball 1-0: Foul Ball, location: 2F 1-1: Ball 2-1: Reached on error, E4 (Groundball, 4)
|
Batting: RHB Andre Colon
|
0-0: Ball 1-0: Ball 2-0: Ball 3-0: Base on Balls Luis Carpio to second
|
Batting: SHB Oswaldo Cabrera
|
0-0: Called Strike 0-1: Ball 1-1: Foul Ball, location: 2F 1-2: 3-RUN HOME RUN (Line Drive, 78XD), Distance : 431 ft
|
Batting: RHB Desmond Lindsay
|
0-0: Ball 1-0: Ball 2-0: Foul Ball, location: 2F 2-1: Ground out 4-3 (Groundball, 4)
|
Batting: LHB Joe Rizzo
|
0-0: Swinging Strike 0-1: Swinging Strike 0-2: Ball 1-2: Foul Ball, location: 2F 1-2: Strikes out swinging
|
Batting: RHB Bryce Hutchinson
|
0-0: Fly out, F7 (Flyball, 7)
|
Top of the 1st over - 3 runs, 1 hit, 1 error, 0 left on base; Inland Empire 3 - Tampa 0 |
BOTTOM OF THE 1ST |
Tampa Tarpons batting - Pitching for Inland Empire 66ers : LHP Trevor Rogers
|
Pitching: LHP Trevor Rogers
|
|
Batting: RHB Freudis Nova
|
0-0: Ball 1-0: Called Strike 1-1: Ball 2-1: Ball 3-1: Foul Ball, location: 2F 3-2: Strikes out swinging
|
Batting: SHB Aaron Bracho
|
0-0: Ground out 4-3 (Groundball, 34D)
|
Batting: RHB Eric Senior
|
0-0: Called Strike 0-1: Bunt - Flyout! F3
|
Bottom of the 1st over - 0 runs, 0 hits, 0 errors, 0 left on base; Inland Empire 3 - Tampa 0 |
TOP OF THE 2ND |
Inland Empire 66ers batting - Pitching for Tampa Tarpons : RHP Wills Montgomerie
|
Batting: RHB Jerrick Francees
|
0-0: Ball 1-0: Foul Ball, location: 2F 1-1: Ball 2-1: Foul Ball, location: 2F 2-2: Ball 3-2: Foul Ball, location: 2F 3-2: Foul Ball, location: 2F 3-2: Foul Ball, location: 2F 3-2: TRIPLE (Line Drive, 9LD)
|
Batting: RHB Lenin Rodriguez
|
0-0: SINGLE (Groundball, 56) (infield hit) Jerrick Francees scores
|
Batting: SHB Derian Cruz
|
0-0: Ball 1-0: Foul Ball, location: 2F 1-1: Foul Ball, location: 2F 1-2: Ball 2-2: Ball 3-2: Strikes out looking
|
Batting: RHB Luis Carpio
|
0-0: Ball 1-0: Ball 2-0: Called Strike 2-1: Ball 3-1: Fly out, F9 (Flyball, 9S)
|
Batting: RHB Andre Colon
|
0-0: Ball 1-0: Swinging Strike 1-1: Ball 2-1: Swinging Strike 2-2: Foul Ball, location: 2F 2-2: Strikes out swinging
|
Top of the 2nd over - 1 run, 2 hits, 0 errors, 1 left on base; Inland Empire 4 - Tampa 0 |
BOTTOM OF THE 2ND |
Tampa Tarpons batting - Pitching for Inland Empire 66ers : LHP Trevor Rogers
|
Batting: LHB Mike Donadio
|
0-0: Called Strike 0-1: Ball 1-1: Foul Ball, location: 2F 1-2: Fly out, F5 (Flyball, 5D)
|
Batting: LHB M.J. Melendez
|
0-0: Called Strike 0-1: DOUBLE (Line Drive, 78D)
|
Batting: RHB Juan Alejandro Garcia
|
0-0: Ball 1-0: Ball 2-0: Ball 3-0: Base on Balls
|
Batting: RHB Ronny Rafael
|
0-0: Called Strike 0-1: Fly out, F7 (Flyball, 7S)
|
Batting: RHB Edward Barboza
|
0-0: Ball 1-0: SINGLE (Flyball, 78S) M.J. Melendez to third Juan Alejandro Garcia to second Runner from 3rd tries for Home, SAFE, no throw
|
Batting: LHB Sean Reynolds
|
0-0: Fly out, F3 (Flyball, 3D)
|
Bottom of the 2nd over - 1 run, 2 hits, 0 errors, 2 left on base; Inland Empire 4 - Tampa 1 |
TOP OF THE 3RD |
Inland Empire 66ers batting - Pitching for Tampa Tarpons : RHP Wills Montgomerie
|
Batting: SHB Oswaldo Cabrera
|
0-0: Swinging Strike 0-1: Swinging Strike 0-2: Fly out, F7 (Flyball, 7D)
|
Batting: RHB Desmond Lindsay
|
0-0: Fly out, F5 (Popup, 5)
|
Batting: LHB Joe Rizzo
|
0-0: Ball 1-0: Ball 2-0: Called Strike 2-1: Swinging Strike 2-2: SINGLE (Groundball, 34D)
|
Batting: RHB Bryce Hutchinson
|
0-0: Called Strike 0-1: Ball Wild Pitch! Joe Rizzo to second 1-1: Ball 2-1: Ball 3-1: Base on Balls
|
Batting: RHB Jerrick Francees
|
0-0: Ball 1-0: Ball 2-0: Single, Error in OF, E7, batter to second base (Groundball, 56D) Joe Rizzo scores Bryce Hutchinson to third
|
Batting: RHB Lenin Rodriguez
|
0-0: Ball 1-0: Fly out, F8 (Flyball, 8LM)
|
Top of the 3rd over - 1 run, 2 hits, 1 error, 2 left on base; Inland Empire 5 - Tampa 1 |
BOTTOM OF THE 3RD |
Tampa Tarpons batting - Pitching for Inland Empire 66ers : LHP Trevor Rogers
|
Batting: RHB Freudis Nova
|
0-0: Called Strike 0-1: Ball 1-1: Foul Ball, location: 2F 1-2: Ball 2-2: Foul Ball, location: 2F 2-2: Foul Ball, location: 2F 2-2: Fly out, F8 (Flyball, 8RD)
|
Batting: SHB Aaron Bracho
|
0-0: Ball 1-0: Ball 2-0: Called Strike 2-1: Fly out, F8 (Line Drive, 8RD)
|
Batting: RHB Eric Senior
|
0-0: Called Strike 0-1: Ball 1-1: SINGLE (Flyball, 8LS)
|
Batting: LHB Mike Donadio
|
0-0: Ball 1-0: Swinging Strike 1-1: Ball 2-1: Ball 3-1: Foul Ball, location: 2F 3-2: Foul Ball, location: 2F 3-2: Foul Ball, location: 2F 3-2: Foul Ball, location: 2F 3-2: Strikes out swinging
|
Bottom of the 3rd over - 0 runs, 1 hit, 0 errors, 1 left on base; Inland Empire 5 - Tampa 1 |
TOP OF THE 4TH |
Inland Empire 66ers batting - Pitching for Tampa Tarpons : RHP Wills Montgomerie
|
Batting: SHB Derian Cruz
|
0-0: Called Strike 0-1: Foul Ball, location: 2F 0-2: Ball 1-2: Ground out 5-3 (Groundball, 5L)
|
Batting: RHB Luis Carpio
|
0-0: Ball 1-0: SINGLE (Groundball, 6MD)
|
Batting: RHB Andre Colon
|
0-0: Grounds into double play, 5-4-3 (Groundball, 5)
|
Top of the 4th over - 0 runs, 1 hit, 0 errors, 0 left on base; Inland Empire 5 - Tampa 1 |
BOTTOM OF THE 4TH |
Tampa Tarpons batting - Pitching for Inland Empire 66ers : LHP Trevor Rogers
|
Batting: LHB M.J. Melendez
|
0-0: Swinging Strike 0-1: Ball 1-1: Foul Ball, location: 2F 1-2: Ground out 4-3 (Groundball, 4)
|
Batting: RHB Juan Alejandro Garcia
|
0-0: SINGLE (Line Drive, 8RM)
|
Batting: RHB Ronny Rafael
|
0-0: Called Strike 0-1: Ball 1-1: Fly out, F8 (Flyball, 8RS)
|
Batting: RHB Edward Barboza
|
0-0: Ball 1-0: Ball 2-0: Foul Ball, location: 2F 2-1: Called Strike 2-2: Fly out, F8 (Flyball, 8LD)
|
Bottom of the 4th over - 0 runs, 1 hit, 0 errors, 1 left on base; Inland Empire 5 - Tampa 1 |
TOP OF THE 5TH |
Inland Empire 66ers batting - Pitching for Tampa Tarpons : RHP Wills Montgomerie
|
Batting: SHB Oswaldo Cabrera
|
0-0: Called Strike 0-1: Foul Ball, location: 2F 0-2: Ball 1-2: SINGLE (Groundball, 4MD)
|
Batting: RHB Desmond Lindsay
|
0-0: Called Strike 0-1: Reached on error, E4 (Groundball, 4S) Oswaldo Cabrera to second
|
Batting: LHB Joe Rizzo
|
0-0: Ball 1-0: Grounds into double play, 4-6-3 (Groundball, 4) Oswaldo Cabrera to third
|
Batting: RHB Bryce Hutchinson
|
0-0: Intentional Walk
|
Batting: RHB Jerrick Francees
|
0-0: SINGLE (Flyball, 9S) Oswaldo Cabrera scores Bryce Hutchinson to second Runner from 2nd tries for 3rd, SAFE, throw made to third
|
Batting: RHB Lenin Rodriguez
|
0-0: Ball 1-0: Ball 2-0: Ground out 5-3 (Groundball, 56)
|
Top of the 5th over - 1 run, 2 hits, 1 error, 2 left on base; Inland Empire 6 - Tampa 1 |
BOTTOM OF THE 5TH |
Tampa Tarpons batting - Pitching for Inland Empire 66ers : LHP Trevor Rogers
|
Batting: LHB Sean Reynolds
|
0-0: Called Strike 0-1: Called Strike 0-2: Ball 1-2: Ground out 4-3 (Groundball, 4)
|
Batting: RHB Freudis Nova
|
0-0: Ball 1-0: Swinging Strike 1-1: Foul Ball, location: 2F 1-2: SINGLE (Line Drive, 78S)
|
Batting: SHB Aaron Bracho
|
0-0: Ball 1-0: Ball 2-0: Called Strike 2-1: Foul Ball, location: 2F 2-2: Ball 3-2: Fly out, F7 (Flyball, 7)
|
Batting: RHB Eric Senior
|
0-0: Ball Freudis Nova steals 2nd base 1-0: Ball 2-0: Ball 3-0: Base on Balls
|
Batting: LHB Mike Donadio
|
0-0: Ball 1-0: Ball 2-0: Ball 3-0: Base on Balls Freudis Nova to third Eric Senior to second
|
Batting: LHB M.J. Melendez
|
0-0: Ball 1-0: Called Strike 1-1: Ball 2-1: SINGLE (Groundball, 6D) Freudis Nova scores Eric Senior to third Mike Donadio to second Runner from 3rd tries for Home, SAFE, throw made home
|
Pitching: RHP John Swanda
|
|
Batting: RHB Juan Alejandro Garcia
|
0-0: Ball 1-0: Called Strike 1-1: Ball 2-1: Swinging Strike 2-2: Foul Ball, location: 2F 2-2: Fielders Choice at 2nd, U4 (Groundball, 4M)
|
Bottom of the 5th over - 2 runs, 2 hits, 0 errors, 2 left on base; Inland Empire 6 - Tampa 3 |
TOP OF THE 6TH |
Inland Empire 66ers batting - Pitching for Tampa Tarpons : RHP Wills Montgomerie
|
Pitching: RHP Dylan File
|
|
Batting: SHB Derian Cruz
|
0-0: DOUBLE (Groundball, 5L)
|
Batting: RHB Luis Carpio
|
0-0: Intentional Walk
|
Batting: RHB Andre Colon
|
0-0: Ball 1-0: Reached on error, E1 (Groundball, 13) Derian Cruz scores Luis Carpio to third
|
Batting: SHB Oswaldo Cabrera
|
0-0: Ball 1-0: Called Strike 1-1: Ball 2-1: Called Strike 2-2: Strikes out swinging
|
Batting: RHB Desmond Lindsay
|
0-0: Intentional Walk
|
Batting: LHB Joe Rizzo
|
0-0: Called Strike 0-1: DOUBLE (Flyball, 8RXD) Luis Carpio scores Andre Colon scores Desmond Lindsay to third
|
Batting: RHB Bryce Hutchinson
|
0-0: Foul Ball, location: 2F 0-1: Swinging Strike 0-2: Ball 1-2: Strikes out looking
|
Batting: RHB Jerrick Francees
|
0-0: Called Strike 0-1: Foul Ball, location: 2F 0-2: Foul Ball, location: 2F 0-2: Ball 1-2: Foul Ball, location: 2F 1-2: Fly out, F9 (Line Drive, 9D)
|
Top of the 6th over - 3 runs, 2 hits, 1 error, 2 left on base; Inland Empire 9 - Tampa 3 |
BOTTOM OF THE 6TH |
Tampa Tarpons batting - Pitching for Inland Empire 66ers : RHP John Swanda
|
Batting: RHB Ronny Rafael
|
0-0: Fly out, F2 (Popup, 3SF)
|
Batting: RHB Edward Barboza
|
0-0: Swinging Strike 0-1: Foul Ball, location: 2F 0-2: Foul Ball, location: 2F 0-2: Foul Ball, location: 2F 0-2: Ball 1-2: Foul Ball, location: 2F 1-2: Ball 2-2: Strikes out swinging
|
Batting: LHB Sean Reynolds
|
0-0: Ball 1-0: Ball 2-0: Fly out, F6 (Popup, 6)
|
Bottom of the 6th over - 0 runs, 0 hits, 0 errors, 0 left on base; Inland Empire 9 - Tampa 3 |
TOP OF THE 7TH |
Inland Empire 66ers batting - Pitching for Tampa Tarpons : RHP Dylan File
|
Batting: RHB Lenin Rodriguez
|
0-0: Called Strike 0-1: Foul Ball, location: 2F 0-2: Ball 1-2: Strikes out looking
|
Batting: SHB Derian Cruz
|
0-0: Foul Ball, location: 2F 0-1: Ball 1-1: Called Strike 1-2: Ball 2-2: Fly out, F8 (Flyball, 89S)
|
Batting: RHB Luis Carpio
|
0-0: Ball 1-0: Ball 2-0: Ball 3-0: Called Strike 3-1: Fly out, F9 (Flyball, 9LSF)
|
Top of the 7th over - 0 runs, 0 hits, 0 errors, 0 left on base; Inland Empire 9 - Tampa 3 |
BOTTOM OF THE 7TH |
Tampa Tarpons batting - Pitching for Inland Empire 66ers : RHP John Swanda
|
Batting: RHB Freudis Nova
|
0-0: Swinging Strike 0-1: Ball 1-1: Ground out 1-3 (Groundball, 13)
|
Batting: SHB Aaron Bracho
|
0-0: Called Strike 0-1: Swinging Strike 0-2: Foul Ball, location: 2F 0-2: Ball 1-2: Ball 2-2: Foul Ball, location: 2F 2-2: Strikes out swinging
|
Batting: RHB Eric Senior
|
0-0: Foul Ball, location: 2F 0-1: Ball 1-1: Ball 2-1: Ball 3-1: Ground out 4-3 (Groundball, 4)
|
Bottom of the 7th over - 0 runs, 0 hits, 0 errors, 0 left on base; Inland Empire 9 - Tampa 3 |
TOP OF THE 8TH |
Inland Empire 66ers batting - Pitching for Tampa Tarpons : RHP Dylan File
|
Batting: RHB Andre Colon
|
0-0: Ball 1-0: Ball 2-0: Ball 3-0: Called Strike 3-1: Base on Balls
|
Pitching: LHP Jorge N. Rodriguez
|
|
Batting: SHB Oswaldo Cabrera
|
0-0: Ball 1-0: Fielders Choice at 2nd, 4-6 (Groundball, 4)
|
Batting: RHB Desmond Lindsay
|
0-0: Ball 1-0: Swinging Strike 1-1: Ball 2-1: Swinging Strike 2-2: Foul Ball, location: 2F 2-2: Strikes out swinging
|
Batting: LHB Joe Rizzo
|
0-0: Called Strike 0-1: Swinging Strike 0-2: Ball 1-2: Strikes out swinging
|
Top of the 8th over - 0 runs, 0 hits, 0 errors, 1 left on base; Inland Empire 9 - Tampa 3 |
BOTTOM OF THE 8TH |
Tampa Tarpons batting - Pitching for Inland Empire 66ers : RHP John Swanda
|
Batting: LHB Mike Donadio
|
0-0: Ball 1-0: Called Strike 1-1: Ball 2-1: Ball 3-1: Called Strike 3-2: Base on Balls
|
Batting: LHB M.J. Melendez
|
0-0: Grounds into double play, 6-4-3 (Groundball, 56)
|
Batting: RHB Juan Alejandro Garcia
|
0-0: Ball 1-0: Ball 2-0: Foul Ball, location: 2F 2-1: Foul Ball, location: 2F 2-2: SINGLE (Line Drive, 78S)
|
Batting: RHB Ronny Rafael
|
0-0: Ball 1-0: Foul Ball, location: 2F 1-1: Foul Ball, location: 2F 1-2: Ball 2-2: Ball Wild Pitch! Juan Alejandro Garcia to second 3-2: Strikes out looking
|
Bottom of the 8th over - 0 runs, 1 hit, 0 errors, 1 left on base; Inland Empire 9 - Tampa 3 |
TOP OF THE 9TH |
Inland Empire 66ers batting - Pitching for Tampa Tarpons : LHP Jorge N. Rodriguez
|
Pitching: RHP Joe Galindo
|
|
Batting: RHB Bryce Hutchinson
|
0-0: Called Strike 0-1: Foul Ball, location: 2F 0-2: Strikes out looking
|
Batting: RHB Jerrick Francees
|
0-0: Fly out, F7 (Flyball, 7)
|
Batting: RHB Lenin Rodriguez
|
0-0: Swinging Strike 0-1: Swinging Strike 0-2: Ball 1-2: Strikes out looking
|
Top of the 9th over - 0 runs, 0 hits, 0 errors, 0 left on base; Inland Empire 9 - Tampa 3 |
BOTTOM OF THE 9TH |
Tampa Tarpons batting - Pitching for Inland Empire 66ers : RHP John Swanda
|
Batting: RHB Edward Barboza
|
0-0: Called Strike 0-1: Foul Ball, location: 2F 0-2: Fly out, F9 (Flyball, 9D)
|
Batting: LHB Sean Reynolds
|
0-0: Called Strike 0-1: Ball 1-1: Foul Ball, location: 2F 1-2: Ground out 5-3 (Groundball, 56)
|
Batting: RHB Freudis Nova
|
0-0: Swinging Strike 0-1: Ground out 1-3 (Groundball, 15)
|
Bottom of the 9th over - 0 runs, 0 hits, 0 errors, 0 left on base; Inland Empire 9 - Tampa 3 |
|